 Dungeon Crawl Stone Soup version 0.30-a0-331-g8ab09dc110 (webtiles) character file.

Game seed: 2535918441196840094

47 Zonian the Magician (level 3, -4/25 HPs)
             Began as a Djinni Ice Elementalist on Oct 29, 2022.
             Slain by a mummy (6 damage)
             ... on level 3 of the Dungeon.
             The game lasted 00:05:51 (2870 turns).

Zonian the Magician (Djinni Ice Elementalist)       Turns: 2870, Time: 00:05:52

Health: -4/25      AC:  3    Str:  7    XL:     3   Next: 97%
Gold:   90         EV: 13    Int: 16    God:
                   SH:  0    Dex: 17

rFire   + + +      SeeInvis .    d - +0 short sword (venom)
rCold   x . .      Faith    .    (no shield)
rNeg    . . .      Spirit   .    a - +0 robe
rPois   ∞          Reflect  .    (no helmet)
rElec   .          Harm     .    (no cloak)
rCorr   .          Rampage  .    h - +0 pair of gloves
Will    .....                    (boots unavailable)
Stlth   +++.......               (no amulet)
HPRegen 0.24/turn                (no ring)
MPRegen 0.00/turn                (no ring)

@: flying, unable to read
A: sickness immunity, fire resistance 3, cold vulnerability 1, float, innate
caster, HP casting, extra vitality 1, thin skeletal structure 1, inability to
read after injury 1
a: no special abilities


You were on level 3 of the Dungeon.
You visited 1 branch of the dungeon, and saw 3 of its levels.

You collected 90 gold pieces.

Inventory:

Hand Weapons
 d - a +0 short sword of venom (weapon)
 e - a +0 sling
Missiles
 c - 5 poisoned darts
Armour
 a - a +0 robe (worn)
 h - a +0 pair of gloves (worn)
Scrolls
 b - 2 scrolls of vulnerability
Potions
 g - a potion of curing


   Skills:
 + Level 3.0 Dodging
 + Level 2.3 Stealth
 + Level 3.6 Spellcasting


You couldn't memorise any spells.
You knew the following spells:

 Your Spells              Type           Power      Damage    Failure   Level
a - Freeze                Ice            56%        1d7       4%          1
b - Frozen Ramparts       Ice            28%        1d5       12%         3
c - Ozocubu's Armour      Ice            14%        N/A       12%         3
d - Summon Ice Beast      Ice/Summ       14%        N/A       36%         4
e - Slow                  Hex            56%        N/A       4%          1
Your spell library was empty.

Dungeon Overview and Level Annotations

Branches:
Dungeon (3/15)

Altars:
Cheibriados

Annotations:
D:1 Terence
D:2 1 runed translucent door, Crazy Yiuf, Sigmund


Innate Abilities, Weirdness & Mutations

You are immune to sickness and miasma.
You are immune to poison.
Your flesh is almost immune to the effects of heat. (rF+++)
You are vulnerable to cold. (rC-)
You float through the air rather than walking.
You learn spells naturally, not from books.
Your magical power is your life essence.
You have superior vitality. (+4 MHP)
You have a somewhat thin skeletal structure. (Dex +2, Stealth+)
You occasionally lose the ability to read scrolls when taking damage.


Message History

Press: ? - help, Shift-Dir - straight line, f - mummy
Aim: a mummy (74% to hit)
You throw a poisoned dart. The poisoned dart hits the mummy.
Unknown command.
The mummy hits you!
You hit the mummy but do no damage. You hit the mummy.
The mummy is lightly damaged.
The mummy hits you!
Ouch! That really hurt!
* * * LOW HITPOINT WARNING * * *
You hit the mummy but do no damage.
The mummy is lightly damaged.
The mummy misses you.
You hit the mummy.
The mummy is moderately damaged.
Unknown command.
Casting: Freeze (safe; 4% risk of failure)
Confirm with . or Enter, or press ? or * to list all spells.
Aiming: Freeze (safe; 4% risk of failure)
Press: ? - help, Shift-Dir - straight line, f/p - mummy
Aim: a mummy (moderately damaged)
You freeze the mummy.
The mummy resists.
The mummy is moderately damaged.
* * * LOW HITPOINT WARNING * * *
The mummy misses you.
You hit the mummy but do no damage.
The mummy is moderately damaged.
Unknown command.
Casting: Freeze (safe; 4% risk of failure)
Confirm with . or Enter, or press ? or * to list all spells.
Aiming: Freeze (safe; 4% risk of failure)
Press: ? - help, Shift-Dir - straight line, f/p - mummy
Aim: a mummy (moderately damaged)
You freeze the mummy.
The mummy resists.
The mummy is heavily damaged.
* * * LOW HITPOINT WARNING * * *
The mummy hits you.
You feel threatened and lose the ability to read scrolls!
You die...

* *********###* ,,,,,,,,,...***
############* **,,,,***....,*
#...........* ,,,**,* *.....*
#...........*
*****,***.....###...........*
,,,,,,,,,...................*
******,,,...........†.......*****
,,<,,,,,,.._..(M@...).......,,,,>
,*,*,*,,,...................****,
,*,,,,,,,........###'#######* *,
,****,***.....#####..(.# *,
,,,,,,* *.....* #....########*,
*****,***....,* #............,,
*****,,,,...*** #....########*,
,,,..#*############....# *,,,,,*,
,,,...##...............# *,***,*,


You could see a mummy.

Vanquished Creatures
  An adder (D:2)
  2 worms (D:2)
  A dart slug (D:1)
  3 ball pythons (D:1)
  3 bats
  3 endoplasms
  A giant cockroach (D:1)
  3 goblins (D:1)
  2 hobgoblins (D:2)
  2 quokkas (D:1)
  A frilled lizard (D:1)
  4 kobolds
  3 rats
29 creatures vanquished.

Notes
Turn   | Place    | Note
-------+----------+-------------------------------------------
     0 | D:1      | Zonian the Djinni Ice Elementalist began the quest for the
                  | Orb.
     0 | D:1      | Zonian set off with the following spells memorised: Freeze,
                  | Frozen Ramparts, Ozocubu's Armour, Summon Ice Beast.
     0 | D:1      | Reached XP level 1. HP: 15/15 MP: 0/0
   436 | D:1      | Reached XP level 2. HP: 20/21 MP: 0/0
   880 | D:1      | Reached XP level 3. HP: 23/25 MP: 0/0
   880 | D:1      | Learned a level 1 spell: Slow
  1215 | D:2      | Noticed Sigmund
  1454 | D:2      | Found a runed translucent door.
  1455 | D:2      | Noticed Crazy Yiuf
  2370 | D:2      | Noticed Terence
  2775 | D:2      | Gained mutation: You have a somewhat thin skeletal
                  | structure. (Dex +2, Stealth+) [potion of mutation]
  2775 | D:2      | Gained mutation: You occasionally lose the ability to read
                  | scrolls when taking damage. [potion of mutation]
  2775 | D:2      | Gained mutation: Your flesh is almost immune to the effects
                  | of heat. (rF+++) [potion of mutation]
  2849 | D:3      | Found a snail-covered altar of Cheibriados.
  2870 | D:3      | Slain by a mummy

Illustrated notes

Levels and vault maps discovered:
D:1:      nzn_arrival_crosshair, layout_basic, eino_curves_04
D:2:      layout_basic, amethyst_killhole, kennysheep_minor_cross, uniq_sigmund,
          uniq_terence, uniq_crazy_yiuf_cottage
D:3:      layout_basic, slow_altar_1, minitemple, uniq_robin

Skill      XL: |  1  2  3 |
---------------+----------+-----
Stealth        | 2 |  2.3
Dodging        | 3 |  3.0
Spellcasting   | |  3.6

Action                   || total
-------------------------++-------
Melee: Short sword       ||    39
       Punch             ||     1
Throw: Dart              ||     1
 Cast: Freeze            ||    53
       Slow              ||     4
  Use: Scroll            ||     6
       Potion            ||     5
 Stab: Sleeping          ||     3
Armor: Robe              ||    16
Dodge: Dodged            ||    59

Table legend: (Time is in decaauts)
 A = Elapsed time spent in this place.
 B = Non-inter-level travel time spent in this place.
 C = Inter-level travel time spent in this place.
 D = Time resting spent in this place.
 E = Time spent auto-exploring this place.
 F = Levels seen in this place.
 G = Mean time per level.
                   A        B        C        D        E       F      G
               +--------+--------+--------+--------+--------+-----+--------+
         Total |   2870 |   2789 |     81 |   1227 |    926 |   3 |  956.7 |
       Dungeon |   2870 |   2789 |     81 |   1227 |    926 |   3 |  956.7 |
               +--------+--------+--------+--------+--------+-----+--------+

Top non-repeatable levels by time:
     D:2: 1495 daAuts
     D:1: 1316 daAuts
     D:3: 58 daAuts
